 Dungeon Crawl Stone Soup version 0.31.0-32-g396128a36d (console) character file.

Game seed: 15245648434916666200

72 utis the Grave Robber (level 3, -1/26 HPs)
             Began as a Demigod Necromancer on Mar 31, 2024.
             Splashed by a jelly's acid (7 damage)
             ... on level 2 of the Dungeon.
             The game lasted 00:05:57 (3050 turns).

utis the Grave Robber (Demigod Necromancer)         Turns: 3050, Time: 00:05:58

Health: -1/26      AC:  1    Str:  9    XL:     3   Next: 82%
Magic:  0/8        EV: 10    Int: 21    God:
Gold:   52         SH:  0    Dex: 14    Spells: 1/5 levels left

rFire   . . .        s - +0 rapier
rCold   . . .        (no shield)
rNeg    . . .        h - +0 ring mail
rPois   .            (no helmet)
rElec   .            (no cloak)
rCorr   .            (no gloves)
SInv    .            (no boots)
Will    .....        (no amulet)
Stlth   +            (no ring)
HPRegen 0.24/turn    (no ring)
MPRegen 0.11/turn

%: no passive effects
@: corroded
A: high MP 1, forlorn, divine attributes
a: no special abilities


You were on level 2 of the Dungeon.
You visited 1 branch of the dungeon, and saw 2 of its levels.

You collected 52 gold pieces.

Inventory:

Hand Weapons
 a - a +0 dagger
 c - a +0 club
 o - a +1 vampiric whip
 q - a +0 short sword
 s - a +0 rapier (weapon)
Missiles
 d - 4 poisoned darts
Armour
 e - a +0 robe
 h - a +0 ring mail (worn)
Magical Staves
 b - a staff of death
Jewellery
 l - a ring of willpower
 p - an amulet of guardian spirit
Scrolls
 j - 2 scrolls of identify {unknown}
 k - a scroll of noise {unknown}
 m - a scroll of immolation {unknown}
 r - a scroll of teleportation {unknown}
 t - a scroll of fear {unknown}
Potions
 f - a potion of mutation {unknown}
 g - a potion of cancellation {unknown}
 i - 2 potions of magic
 n - a potion of brilliance {unknown}


   Skills:
 - Level 1.7 Dodging
 - Level 1.7 Stealth
 - Level 1.7 Spellcasting
 + Level 5.1 Necromancy


You had one spell level left.
You knew the following spells:

 Your Spells              Type           Power      Damage    Failure   Level
v - Vampiric Draining     Necr           23%        2d7       16%         3
Y - Necrotise             Necr           92%        1d8       4%          1

Your spell library contained the following spells:

 Spells                   Type           Power      Damage    Failure   Level
 Apportation              Tloc           2%         N/A       38%         1
 Sting                    Conj/Alch      4%         1d3       38%         1
 Summon Small Mammal      Summ           4%         N/A       38%         1
 Animate Dead             Necr           23%        N/A       45%         4
 Curse of Agony           Necr           23%        N/A       80%         5


Dungeon Overview and Level Annotations

Branches:
Dungeon (2/15)


Innate Abilities, Weirdness & Mutations

You have an increased reservoir of magic. (+10% MP)
You shall have no god before yourself.
Your divine heritage dramatically boosts your attributes as you level up.


Message History

The jelly barely resists.
The jelly misses you.
Aiming: Necrotise (safe; 4% risk of failure)
Press: ? - help, Q - select action, (/) - cycle Shift-Dir - straight line, f/p - jelly
Aim: a jelly (chance to affect: 87%)
The jelly writhes in agony.
The jelly hits you but does no damage.
Aiming: Necrotise (safe; 4% risk of failure)
Press: ? - help, Q - select action, (/) - cycle Shift-Dir - straight line, f/p - jelly
Aim: a jelly (moderately wounded, chance to affect: 87%)
The jelly writhes in agony.
The jelly hits you but does no damage.
Aiming: Necrotise (safe; 4% risk of failure)
Press: ? - help, Q - select action, (/) - cycle Shift-Dir - straight line, f/p - jelly
Aim: a jelly (moderately wounded, chance to affect: 87%)
The jelly writhes in agony.
* * * LOW MAGIC WARNING * * *
The jelly hits you but does no damage.
Aiming: Necrotise (safe; 4% risk of failure)
Press: ? - help, Q - select action, (/) - cycle Shift-Dir - straight line, f/p - jelly
Aim: a jelly (severely wounded, chance to affect: 87%)
The jelly barely resists.
* * * LOW MAGIC WARNING * * *
The jelly hits you. The acid corrodes you!
You are splashed with acid!
Aiming: Necrotise (safe; 4% risk of failure)
Press: ? - help, Q - select action, (/) - cycle Shift-Dir - straight line, f/p - jelly
Aim: a jelly (severely wounded, chance to affect: 87%)
The jelly barely resists.
* * * LOW MAGIC WARNING * * *
The jelly hits you.
You are splashed with acid!
* * * LOW HITPOINT WARNING * * *
Aiming: Necrotise (safe; 4% risk of failure)
Press: ? - help, Q - select action, (/) - cycle Shift-Dir - straight line, f/p - jelly
Aim: a jelly (severely wounded, chance to affect: 87%)
The jelly barely resists.
* * * LOW MAGIC WARNING * * *
The jelly hits you.
* * * LOW HITPOINT WARNING * * *
You are splashed with acid!
You die...

..........░ ░..........<.░.░ ░
.░░░░░░+░.░░░░░░░░░.........░.░ ░
.░ ░...........░.........░.░░░ ░░
░░░░.░░░░░░.░.░░░░..░.░.... ░
░......➘.░.░.░ ░..░.░░░░░ ░
░.░.░░░░)░.░.░ ░..░.░░░░░ ░ ░.░.░
░..░.░.░ ░..░.....░ ░ ░.░.░
░.░░.░.░░░░.░░░░░░.░ ░ ░.░.░
░.░░......░....░ ░.░ ░ ░...░
░.░░J.░░░░░░░░.░ ░.. ░░░░░
░..p..░░░░░░░░.░░░░░ ░░░
░░░░................
$.÷...░░J░░░░░░░░░.░░░░░░░░.░..░░
....⚵.░.░.░..).░░░➘....░.......░░
.JJ..J░.░.░.....░░..░░.░.>.....░░
_.÷_._░.░'░......'..░░.░.........
..JJJ÷░J░........'..░░.░.░░>.....
.__⚵_.░.░........'.░░░)░.░░......
J..÷÷.░)░.......░░.░ ░.░.░░..░.░░
⚵⚵÷J⚵.'░░......░░░░░ ░.░.....░.░░
÷..J..░░░░░░░░░░ ░.░.░░......


You could see a jelly.

Vanquished Creatures
  2 adders (D:2)
  3 dart slugs
  A ribbon worm (D:2)
  3 bats (D:1)
  11 endoplasms
  4 goblins (D:1)
  A hobgoblin (D:2)
  A quokka (D:2)
  3 ball pythons (D:2)
  11 kobolds
  2 rats (D:1)
42 creatures vanquished.

Vanquished Creatures (collateral kills)
  A frilled lizard (D:1)
1 creature vanquished.

Grand Total: 43 creatures vanquished

Notes
Turn   | Place    | Note
-------+----------+-------------------------------------------
     0 | D:1      | utis the Demigod Necromancer began the quest for the Orb.
     0 | D:1      | Reached XP level 1. HP: 14/14 MP: 5/5
   401 | D:1      | Reached skill level 4 in Necromancy
   507 | D:1      | Reached XP level 2. HP: 20/20 MP: 2/7
  1627 | D:2      | Reached XP level 3. HP: 26/26 MP: 3/8
  1675 | D:2      | Learned a level 3 spell: Vampiric Draining
  2037 | D:2      | Reached skill level 5 in Necromancy
  3050 | D:2      | Splashed by a jelly's acid

Illustrated notes

Levels and vault maps discovered:
D:1:      evilmike_arrival_crescent, layout_loops_ring
D:2:      cheibrodos_fertilizer, layout_basic, basic_altar

Skill      XL: |  1  2  3 |
---------------+----------+-----
Necromancy     | 4 5 |  5.1
Dodging        | |  1.7
Stealth        | |  1.7
Spellcasting   | |  1.7

Action                     || total
---------------------------++-------
  Melee: Dagger            ||     1
         Rapier            ||     2
   Cast: Necrotise         ||    88
 Armour: Ring mail         ||    16
  Dodge: Dodged            ||     9
